 Dungeon Crawl Stone Soup version 0.21-a0-1-gaf3b9a5 (webtiles) character file.

399 theElss the Cudgeler (level 6, -5/56 HPs)
             Began as a Minotaur Berserker on May 20, 2017.
             Was a Believer of Trog.
             Slain by Natasha (10 damage)
             ... on level 4 of the Dungeon.
             The game lasted 00:05:43 (2491 turns).

theElss the Cudgeler (Minotaur Berserker)           Turns: 2491, Time: 00:05:44

Health: -5/56      AC:  0    Str: 23    XL:     6   Next: 53%
Magic:  5/5        EV: 15    Int:  4    God:    Trog [**....]
Gold:   86         SH:  0    Dex: 10    Spells: 5/5 levels left

rFire    . . .     SeeInvis .   (weapon currently unavailable)
rCold    . . .     Gourm    .   (shield currently unavailable)
rNeg     . . .     Faith    .   (armour currently unavailable)
rPois    .         Spirit   .   (helmet currently unavailable)
rElec    .         Reflect  .   (cloak currently unavailable)
rCorr    .         Harm     .   (gloves currently unavailable)
MR       .....                  (boots currently unavailable)
Stlth    +.........             (no amulet)
Regen    0.2/turn               (ring currently unavailable)
MPRegen  0.1/turn               (ring currently unavailable)

@: pig-form (expiring), slowed
A: (retaliatory headbutt)
a: Berserk, Trog's Hand, Burn Spellbooks, Renounce Religion


You were on level 4 of the Dungeon.
You worshipped Trog.
Trog was pleased with you.
You were not hungry.
You were a filthy swine.
You visited 1 branch of the dungeon, and saw 4 of its levels.

You collected 86 gold pieces.

Inventory:

Hand Weapons
 a - a +0 mace (melded)
Armour
 b - a +0 animal skin
 f - a +0 ring mail
 o - a +0 scale mail (melded)
Scrolls
 d - 3 scrolls of remove curse {unknown}
 e - a scroll of enchant armour {unknown}
 k - 5 scrolls of teleportation {unknown}
 m - 2 scrolls of enchant weapon {unknown}
 n - a scroll of fog {unknown}
 p - a scroll of amnesia {unknown}
 q - a scroll of identify {unknown}
Potions
 g - a potion of berserk rage {unknown}
 i - 2 potions of invisibility {unknown}
 j - 2 potions of brilliance {unknown}
Comestibles
 c - 3 bread rations
 h - 4 royal jellies


   Skills:
 + Level 5.1 Fighting
 + Level 6.7 Maces & Flails
 + Level 4.0 Armour
 + Level 3.2 Dodging
 + Level 1.0 Stealth


You had 5 spell levels left.
You didn't know any spells.

Dungeon Overview and Level Annotations

Branches:
Dungeon (4/15)
 Temple: D:4-7

Altars:

Annotations:
D:4 Natasha


Innate Abilities, Weirdness & Mutations

((You reflexively headbutt those who attack you in melee.))
((You have a pair of horns on your head.))


Message History

The crimson imp blinks!
Natasha hisses.
Your transformation is almost over.
Natasha casts a spell at you. The magic dart hits you!
* * * LOW HITPOINT WARNING * * *
The crimson imp hits you.
* * * LOW HITPOINT WARNING * * *
There is a stone staircase leading down, spattered with blood here.
The orc barely misses you. The crimson imp hits you.
* * * LOW HITPOINT WARNING * * *
Natasha zaps a wand.
The crimson imp misses you. The orc misses you.
You climb downwards.
The crimson imp disappears in a puff of smoke!
There is a stone staircase leading up here.
Unknown command.
You closely miss Natasha.
Natasha is severely wounded.
Natasha claws you!
You die...

## #.
########.####..
.......o.......
......hh.......
###############


You could see Natasha and an orc.

Vanquished Creatures
  Grinder (D:3)
  A howler monkey (D:3)
  Natasha (twice) (D:3)
  3 adders
  2 oozes (D:3)
  3 worms
  3 dart slugs
  5 leopard geckos
  5 orcs (D:3)
  A bat (D:1)
  2 giant cockroaches (D:3)
  7 goblins
  5 hobgoblins
  4 kobolds
  A quokka (D:2)
  2 frilled lizards (D:1)
  8 rats
55 creatures vanquished.

Vanquished Creatures (others)
  A plant (D:1)
1 creature vanquished.

Grand Total: 56 creatures vanquished

Notes
Turn   | Place    | Note
-------+----------+-------------------------------------------
     0 | D:1      | theElss the Minotaur Berserker began the quest for the Orb.
     0 | D:1      | Reached XP level 1. HP: 19/19 MP: 0/0
   186 | D:1      | Reached XP level 2. HP: 10/27 MP: 1/1
   280 | D:1      | Reached skill level 4 in Maces & Flails
  1002 | D:2      | Reached XP level 3. HP: 33/33 MP: 2/2
  1483 | D:2      | Found a faded altar of an unknown god.
  1552 | D:2      | Reached XP level 4. HP: 38/41 MP: 3/3
  1732 | D:2      | Reached ** piety under Trog
  1799 | D:3      | Noticed Natasha
  1807 | D:3      | Killed Natasha
  1807 | D:3      | Reached skill level 5 in Maces & Flails
  1853 | D:3      | Reached XP level 5. HP: 39/47 MP: 4/4
  1862 | D:3      | Noticed Grinder
  1867 | D:3      | Noticed Natasha
  1874 | D:3      | Killed Natasha
  1877 | D:3      | Killed Grinder
  1877 | D:3      | Reached skill level 5 in Fighting
  1877 | D:3      | Reached skill level 6 in Maces & Flails
  1877 | D:3      | Reached XP level 6. HP: 48/56 MP: 5/5
  2141 | D:3      | Reached skill level 1 in Stealth
  2476 | D:3      | Noticed Natasha
  2491 | D:4      | Slain by Natasha

Vault maps used:
D:1:      dpeg_arrival_round_c, chequers_big_river, serial_park_tiny_1
D:2:      chequers_ecumenical_altar_island, first_bread
D:3:      wad_orctagon, uniq_natasha, uniq_grinder
D:4:      kennysheep_mini, uniq_eustachio

Skill      XL: |  1  2  3  4  5  6 |
---------------+-------------------+-----
Fighting       | 4 5 |  5.1
Maces & Flails | 4 5 6 |  6.7
Armour         | 3 4 |  4.0
Dodging        | 3 |  3.2
Stealth        | 1 |  1.0

Action                   |  1- 3 |  4- 6 || total
-------------------------+-------+-------++-------
Melee: Mace              |    68 |    65 ||   133
       Headbutt          |    17 |    13 ||    30
       Unarmed           |       |     3 ||     3
Invok: Berserk           |     2 |     1 ||     3
 Stab: Sleeping          |     1 |       ||     1
  Eat: Chunk             |     4 |     4 ||     8
Armor: Animal skin       |    10 |       ||    10
       Ring mail         |     3 |       ||     3
       Scale mail        |     1 |    25 ||    26
Dodge: Dodged            |    40 |    37 ||    77
